 Dungeon Crawl Stone Soup version 0.29-a0-2-g12fcac58f8 (webtiles) character file.

Game seed: 16469102751437022951

565 pokeman the Magician (level 7, -1/38 HPs)
             Began as a Deep Elf Hedge Wizard on Jan 26, 2022.
             Succumbed to a scorpion's poison
             ... on level 3 of the Dungeon.
             The game lasted 00:07:11 (4160 turns).

pokeman the Magician (Deep Elf Hedge Wizard)        Turns: 4160, Time: 00:07:12

Health: -1/38      AC:  4    Str:  7    XL:     7   Next: 10%
Magic:  0/20       EV: 16    Int: 21    God:
Gold:   157        SH:  0    Dex: 14    Spells: 10/21 levels left

rFire   + . .      SeeInvis .   f - +0 spear
rCold   . . .      Faith    .   (no shield)
rNeg    . . .      Spirit   .   h - +0 leather armour
rPois   .          Reflect  .   p - +0 helmet
rElec   .          Harm     .   (no cloak)
rCorr   .          Rampage  .   (no gloves)
Will    .....                   (no boots)
Stlth   ++........              (no amulet)
HPRegen 0.12/turn               q - ring of protection from fire
MPRegen 0.17/turn               r - +4 ring of evasion

@: mighty, lethally poisoned (-1 -> -18), very slightly contaminated
A: no striking features
a: no special abilities


You were on level 3 of the Dungeon.
You visited 1 branch of the dungeon, and saw 4 of its levels.

You collected 157 gold pieces.

Inventory:

Hand Weapons
 f - a +0 spear (weapon)
Missiles
 e - 53 arrows
 o - 18 bolts
Armour
 h - a +0 leather armour (worn)
 p - a +0 helmet (worn)
Jewellery
 q - a ring of protection from fire (left hand)
 r - a +4 ring of evasion (right hand)
Scrolls
 b - a scroll of noise {unknown}
 d - a scroll of amnesia {unknown}
 g - a scroll of fear {unknown}
 i - a scroll of teleportation {unknown}
 j - a scroll of enchant armour {unknown}
 n - 2 scrolls of enchant weapon {unknown}
 s - a scroll of identify {unknown}
Potions
 a - a potion of lignification {unknown}
 c - a potion of curing {unknown}
 k - a potion of might
 l - a potion of heal wounds {unknown}
 m - a potion of brilliance {unknown}
 t - a potion of mutation {unknown}


   Skills:
 - Level 1.0 Fighting
 - Level 1.0 Armour
 - Level 4.0 Dodging
 + Level 2.8 Stealth
 * Level 7.7 Spellcasting
 + Level 3.7 Conjurations
 - Level 1.1 Summonings
 - Level 1.1 Translocations
 - Level 2.0 Fire Magic
 - Level 1.2 Air Magic
 + Level 0.9 Poison Magic


You had 10 spell levels left.
You knew the following spells:

 Your Spells              Type           Power      Damage    Failure   Level
a - Magic Dart            Conj           92%        1d7       2%          1
b - Mephitic Cloud        Conj/Pois/Air  16%        N/A       16%         3
c - Call Imp              Summ           12%        N/A       12%         2
d - Blink                 Tloc           24%        N/A       12%         2
e - Conjure Flame         Conj/Fire      20%        6-21      11%         3

Your spell library contained the following spells:

 Spells                   Type           Power      Damage    Failure   Level
 Slow                     Hex            32%        N/A       12%         1
 Portal Projectile        Hex/Tloc       20%        N/A       28%         3
 Animate Dead             Necr           4%         N/A       75%         4
 Blade Hands              Tmut           4%         N/A       97%         5
 Borgnjor's Vile Clutch   Necr/Erth      4%         N/A       97%         5
 Excruciating Wounds      Necr           4%         N/A       97%         5
 Death Channel            Necr           4%         N/A       100%        6


Dungeon Overview and Level Annotations

Branches:
Dungeon (4/15)
 Temple: D:4-7

Altars:

Shops:
D:1 =


Message History

Casting: Magic Dart (safe; 2% risk of failure)
Confirm with . or Enter, or press ? or * to list all spells.
Aiming: Magic Dart (safe; 2% risk of failure)
Press: ? - help, Shift-Dir - straight line, f/p - scorpion
Aim: a scorpion (severely wounded, 100% to hit)
You miscast Magic Dart.
You are very lightly contaminated with residual magic.
Nothing appears to happen.
The scorpion stings you but does no damage.
The scorpion stings you.
You hit the scorpion.
The scorpion is almost dead.
The scorpion stings you but does no damage.
You hit the scorpion but do no damage.
The scorpion is almost dead.
The scorpion stings you.
You are poisoned.
The scorpion poisons you!
You barely miss the scorpion.
The scorpion is almost dead.
You feel very sick. The scorpion stings you.
* * * LOW HITPOINT WARNING * * *
The scorpion stings you.
* * * LOW HITPOINT WARNING * * *
You are more poisoned.
The scorpion poisons you!
Casting: Magic Dart (safe; 2% risk of failure)
Confirm with . or Enter, or press ? or * to list all spells.
Aiming: Magic Dart (safe; 2% risk of failure)
Press: ? - help, Shift-Dir - straight line, f/p - scorpion
Aim: a scorpion (almost dead, ally target, 100% to hit)
The magic dart hits the scorpion.
You kill the scorpion!
* * * LOW HITPOINT WARNING * * *
You feel very sick.
You have reached level 7!
It was a potion of might.
You feel very mighty all of a sudden.
You die...

########.#.# #
#.#.## #
#.#..# ###
#.##.# ..#
#.##.# #.#
#..#.# #.#
##.#.# ### #.#
#.#.# #.# #.#
#.#.# #@# ..##
#.#.# #.#
#..#### #.#.#
#.#
##.##.###.#.#
#.#
.#..#...#.#.#
#5#
.##.###.....#
#.#
..#..####<..##
#.# ..##.##
##...###.#
###...#
#....##.#


You could see a friendly crimson imp (summoned).

Vanquished Creatures
  Sigmund (D:3)
  An ogre (D:4)
  A scorpion (D:3)
  An orc priest (D:3)
  A hound (D:3)
  2 orc wizards (D:3)
  4 gnolls
  4 adders (D:2)
  2 worms
  A dart slug (D:2)
  2 orcs (D:3)
  5 endoplasms
  5 giant cockroaches
  5 goblins
  5 hobgoblins
  7 jackals
  5 kobolds
  A quokka (D:2)
  8 ball pythons
  7 bats
  2 frilled lizards (D:3)
  7 rats
77 creatures vanquished.

Notes
Turn   | Place    | Note
-------+----------+-------------------------------------------
     0 | D:1      | pokeman the Deep Elf Hedge Wizard began the quest for the
                  | Orb.
     0 | D:1      | Reached XP level 1. HP: 10/10 MP: 7/7
    13 | D:1      | Found a faded altar of an unknown god.
   467 | D:1      | Found Yqesy's Jewellery Emporium.
   476 | D:1      | Reached XP level 2. HP: 16/16 MP: 7/9
  1599 | D:2      | Reached skill level 5 in Spellcasting
  1745 | D:2      | Reached XP level 3. HP: 20/20 MP: 5/11
  1749 | D:2      | Learned a level 3 spell: Mephitic Cloud
  1761 | D:2      | Learned a level 2 spell: Blink
  1764 | D:2      | Learned a level 2 spell: Call Imp
  1778 | D:2      | Learned a level 3 spell: Conjure Flame
  2017 | D:2      | Reached skill level 1 in Fighting
  2092 | D:2      | Reached skill level 1 in Armour
  2224 | D:2      | Reached XP level 4. HP: 25/25 MP: 8/13
  2712 | D:3      | Noticed Sigmund
  2723 | D:3      | Killed Sigmund
  2724 | D:3      | Reached skill level 6 in Spellcasting
  2724 | D:3      | Reached XP level 5. HP: 29/29 MP: 5/16
  2724 | D:3      | Reached XP level 6. HP: 34/34 MP: 5/17
  3332 | D:3      | Reached skill level 7 in Spellcasting
  3734 | D:4      | Reached skill level 1 in Air Magic
  4160 | D:3      | Reached XP level 7. HP: 2/38 MP: 0/20
  4160 | D:3      | Succumbed to a scorpion's poison

Illustrated notes

Levels and vault maps discovered:
D:1:      roderic_crossed_star, layout_basic, serial_shops, shop,
          basic_ecumenical_altar
D:2:      kennysheep_big_flooded_room, layout_basic
D:3:      minmay_skewed_foursquare, layout_rooms, grunt_ministairs_10,
          uniq_sigmund
D:4:      layout_basic, lemuel_doored_altar, okawaru_gym_becter

Skill      XL: |  1  2  3  4  5  6 |
---------------+-------------------+-----
Spellcasting   | 5 6 7 |  7.7
Fighting       | 1 |  1.0
Armour         | 1 |  1.0
Conjurations   | 2 3 |  3.7
Dodging        | 3 4 |  4.0
Fire Magic     | 2 |  2.0
Air Magic      | 1 |  1.2
Stealth        | |  2.8
Summonings     | |  1.1
Translocations | |  1.1
Poison Magic   | |  0.9

Action                   |  1- 3 |  4- 6 |  7- 9 || total
-------------------------+-------+-------+-------++-------
Melee: Spear             |    23 |    41 |       ||    64
 Cast: Magic Dart        |   102 |   105 |       ||   207
       Call Imp          |     1 |     2 |       ||     3
       Mephitic Cloud    |       |    10 |       ||    10
       Conjure Flame     |       |     4 |       ||     4
       Blink             |       |     2 |       ||     2
  Use: Potion            |       |       |     1 ||     1
 Stab: Confused          |       |     7 |       ||     7
Armor: Robe              |     3 |       |       ||     3
       Leather armour    |    18 |     7 |       ||    25
Dodge: Dodged            |    52 |    48 |       ||   100

Table legend: (Time is in decaauts)
 A = Elapsed time spent in this place.
 B = Non-inter-level travel time spent in this place.
 C = Inter-level travel time spent in this place.
 D = Time resting spent in this place.
 E = Time spent auto-exploring this place.
 F = Levels seen in this place.
 G = Mean time per level.
                   A        B        C        D        E       F      G
               +--------+--------+--------+--------+--------+-----+--------+
         Total |   4170 |   4007 |    163 |    174 |   3210 |   4 | 1042.5 |
       Dungeon |   4170 |   4007 |    163 |    174 |   3210 |   4 | 1042.5 |
               +--------+--------+--------+--------+--------+-----+--------+

Top non-repeatable levels by time:
     D:3: 1510 daAuts
     D:1: 1406 daAuts
     D:2: 1182 daAuts
     D:4: 71 daAuts
